Map: Curious Minds LE

Players

Pumba

  • Race: Protoss Protoss
  • League: Master
  • Spawn Location: 11:00

Haffey - Winner!

  • Race: Zerg Zerg
  • League: Master
  • Spawn Location: 5:00

VOD

Have the link to the VOD?

Description

Time

  • Played on: March 22, 2022, 9:19 p.m.
  • Length: 12:51
Show
View Real Time Build Order
Export as new Build Order

Pumba Protoss 

Build Orders: 1 Gate Expand, Oracle Opening 

Get SALT Encoding   

  12  0:00  Probe  
  13  0:12  Probe  
  14  0:20  Pylon  
  14  0:25  Probe  
  15  0:38  Probe (Chrono Boost)  
  15  0:42  Gateway  
  16  0:48  Probe (Chrono Boost), Assimilator  
  17  0:53  Probe (Chrono Boost)  
  18  1:05  Probe  
  19  1:17  Probe  
  20  1:24  Nexus  
  20  1:34  Cybernetics Core  
  20  1:38  Probe  
  21  1:44  Assimilator  
  21  1:50  Probe  
  21  1:53  Pylon  
  22  2:04  Probe  
  23  2:10  Adept (Chrono Boost)  
  23  2:14  Warp Gate  
  25  2:16  Probe  
  26  2:27  Stargate  
  27  2:30  Probe  
  27  2:32  Adept (Chrono Boost)  
  29  2:40  Probe (Chrono Boost)  
  31  2:47  Probe (Chrono Boost)  
  32  2:52  Probe (Chrono Boost)  
  32  2:55  Adept  
  32  2:56  Probe x2 (Chrono Boost)  
  36  3:06  Probe  
  36  3:07  Probe  
  38  3:14  Oracle (Chrono Boost)  
  38  3:18  Probe  
  38  3:19  Probe  
  43  3:20  Pylon  
  43  3:25  Gateway  
  43  3:30  Probe  
  43  3:32  Probe  
  45  3:47  Probe  
  42  3:49  Probe  
  42  3:50  Robotics Facility  
  42  3:52  Assimilator  
  42  3:55  Twilight Council  
  43  3:57  Forge, Assimilator  
  43  3:59  Probe  
  43  4:02  Phoenix (Chrono Boost)  
  44  4:05  Probe  
  47  4:12  Probe  
  48  4:18  Probe  
  48  4:24  Probe  
  47  4:27  Pylon  
  47  4:32  Protoss Ground Weapons Level 1  
  47  4:33  Charge  
  47  4:34  Probe  
  47  4:36  Nexus  
  48  4:38  Pylon  
  48  4:43  Probe  
  50  4:45  Observer (Chrono Boost)  
  50  4:53  Adept  
  50  4:57  Adept  
  54  5:07  Probe  
  54  5:09  Pylon  
  54  5:10  Immortal  
  54  5:13  Probe  
  60  5:15  Pylon  
  60  5:19  Gateway  
  60  5:20  Gateway  
  60  5:28  Probe  
  60  5:30  Probe  
  60  5:42  Sentry x2  
  60  5:46  Probe  
  60  5:47  Immortal (Chrono Boost), Probe  
  64  5:56  Gateway  
  68  5:57  Gateway  
  68  5:59  Probe (Chrono Boost)  
  68  6:02  Probe (Chrono Boost)  
  68  6:03  Probe (Chrono Boost)  
  71  6:11  Probe (Chrono Boost)  
  73  6:14  Zealot x3, Probe (Chrono Boost)  
  73  6:15  Zealot, Probe (Chrono Boost)  
  79  6:21  Shield Battery  
  69  6:29  Gateway  
  69  6:30  Gateway  
  62  6:35  Pylon  
  62  6:37  Pylon  
  55  6:43  Pylon  
  55  6:46  Pylon  
  53  6:48  Pylon  
  53  6:57  Templar Archives  
  53  7:05  Protoss Ground Armor Level 1 (Chrono Boost)  
  53  7:07  Zealot x6  
  65  7:23  Warp Prism (Chrono Boost)  
  65  7:28  Psionic Storm  
  67  7:31  Nexus  
  67  7:32  Observer  
  67  7:44  Probe (Chrono Boost)  
  67  7:48  High Templar x3  
  67  7:49  Probe (Chrono Boost)  
  75  7:57  High Templar x2  
  75  7:58  Probe (Chrono Boost)  
  78  8:07  Stalker  
  78  8:08  Probe  
  78  8:09  Probe  
  78  8:10  Pylon  
  78  8:12  Pylon  
  80  8:21  Probe x2, Pylon  
  80  8:23  Assimilator  
  82  8:27  Zealot x3, Assimilator  
  88  8:44  Probe  
  88  8:46  High Templar x4  
  88  8:47  Zealot x2  
  92  8:56  Observer  
  92  8:57  Archon  
  92  9:00  Probe x2  
  89  9:14  Nexus  
  89  9:20  Probe  
  90  9:26  Shield Battery, Nexus, Probe  
  90  9:28  Pylon  
  91  9:31  Protoss Ground Weapons Level 2 (Chrono Boost)  
  91  9:32  Probe  
  91  9:35  High Templar x4  
  91  9:36  Observer  
  99  9:38  Archon  
  99  9:43  Robotics Bay  
  99  9:49  Probe  
  100  10:01  Zealot  
  100  10:02  Zealot x2  
  106  10:10  Zealot x2  
  110  10:17  Probe  
  109  10:22  Robotics Facility, Pylon  
  103  10:32  Probe x2 (Chrono Boost)  
  106  10:38  Probe (Chrono Boost)  
  106  10:40  Disruptor (Chrono Boost)  
  107  10:43  Probe (Chrono Boost)  
  107  10:47  High Templar x3  
  107  10:48  Zealot, High Templar  
  107  10:49  Pylon  
  120  10:54  Archon x2  
  120  11:10  Probe x3  
  123  11:13  Shield Battery, Photon Cannon  
  123  11:14  High Templar x2  
  123  11:15  Zealot x2  
  123  11:16  Pylon  
  131  11:18  Archon  
  131  11:22  Zealot x4  
  131  11:25  Disruptor  
  142  11:37  Disruptor  
  142  11:47  Probe x3  
  142  11:49  Assimilator  
  142  11:53  Assimilator  
  137  11:57  Probe  
  137  12:01  Disruptor  
  127  12:04  Observer  
  118  12:13  Disruptor  
  115  12:20  Zealot x3  
  115  12:21  Zealot x4  
Show
View Real Time Build Order
Export as new Build Order

Haffey Zerg - Winner!

Build Orders: Hatch First, Lurkers 

Get SALT Encoding   

  12  0:01  Drone  
  13  0:12  Overlord  
  13  0:17  Drone  
  14  0:31  Drone x2  
  16  0:49  Hatchery  
  15  0:53  Drone  
  15  0:56  Drone  
  17  1:00  Drone  
  18  1:10  Extractor  
  17  1:16  Spawning Pool  
  16  1:20  Drone  
  16  1:22  Drone  
  18  1:29  Drone  
  19  1:45  Drone  
  20  2:01  Overlord  
  20  2:04  Queen x2  
  20  2:06  Drone x2  
  26  2:11  Drone  
  26  2:15  Metabolic Boost, Drone  
  28  2:26  Drone x2  
  30  2:33  Overlord  
  30  2:41  Queen x2  
  34  2:51  Drone  
  34  2:53  Zergling x2, Drone  
  37  3:04  Spore Crawler  
  35  3:06  Drone x3  
  35  3:08  Spore Crawler  
  38  3:17  Zergling x2  
  38  3:18  Drone x3  
  38  3:19  Drone x2  
  44  3:23  Lair  
  44  3:29  Overlord x2  
  41  3:44  Drone x3  
  44  3:54  Overlord  
  44  3:55  Drone x7  
  51  4:09  Drone x3  
  52  4:15  Hatchery  
  48  4:17  Drone  
  48  4:21  Extractor  
  48  4:22  Extractor  
  47  4:24  Hydralisk Den, Drone  
  47  4:25  Drone x2  
  49  4:37  Drone x5  
  54  4:45  Drone  
  55  4:46  Evolution Chamber  
  54  4:52  Overlord  
  54  4:54  Muscular Augments  
  54  4:56  Drone  
  54  4:57  Drone, Extractor  
  54  5:04  Overlord x2  
  54  5:05  Overlord  
  53  5:19  Zerg Missile Weapons Level 1  
  53  5:26  Hydralisk x4  
  61  5:28  Zergling x2  
  61  5:29  Zergling x12  
  61  5:35  Hydralisk x2  
  66  5:42  Drone x3  
  68  5:54  Hydralisk x3  
  73  5:59  Drone x3  
  73  6:01  Drone  
  77  6:08  Drone x3  
  77  6:09  Drone  
  81  6:17  Drone  
  81  6:18  Drone x3  
  82  6:25  Hydralisk x2  
  83  6:36  Grooved Spines  
  83  6:44  Drone x9  
  92  6:50  Infestation Pit  
  92  6:53  Overlord  
  92  6:54  Overlord  
  91  6:56  Pneumatized Carapace  
  91  7:01  Zergling x6  
  91  7:02  Zergling x4  
  96  7:16  Zerg Missile Weapons Level 2  
  96  7:19  Extractor  
  96  7:20  Extractor  
  96  7:21  Drone x4  
  96  7:22  Drone x3  
  101  7:23  Drone  
  101  7:24  Overlord  
  102  7:31  Hatchery  
  101  7:46  Hive  
  101  7:47  Hydralisk x5  
  101  7:48  Hydralisk x2  
  101  7:50  Baneling Nest  
  114  7:54  Drone  
  115  7:58  Spore Crawler  
  115  8:01  Hydralisk, Overlord x2  
  115  8:02  Hydralisk  
  116  8:22  Hydralisk x9  
  134  8:30  Zergling x6  
  134  8:33  Overlord x2  
  134  8:34  Overseer  
  137  8:37  Baneling x2  
  137  8:39  Overlord x2  
  124  9:05  Baneling x4  
  124  9:09  Zergling x2  
  125  9:10  Zergling x8  
  125  9:14  Spore Crawler  
  127  9:17  Lurker Den  
  126  9:24  Drone x13  
  126  9:30  Baneling x10  
  139  9:34  Zerg Missile Weapons Level 3  
  139  9:37  Adrenal Glands  
  139  9:39  Evolution Chamber  
  139  9:42  Extractor  
  139  9:43  Extractor  
  139  9:44  Drone x4  
  139  9:45  Drone x2  
  142  9:46  Drone x2  
  142  9:47  Drone  
  142  9:48  Drone  
  146  9:55  Overlord x2  
  146  9:58  Overseer  
  146  10:01  Pathogen Glands  
  146  10:02  Hydralisk x5  
  154  10:20  Drone  
  148  10:21  Drone x3  
  149  10:34  Seismic Spines  
  149  10:36  Zerg Melee Weapons Level 1  
  149  10:39  Lurker x6  
  149  10:42  Overlord x2  
  155  10:44  Spine Crawler  
  155  10:45  Spine Crawler  
  155  10:47  Drone x8, Spine Crawler  
  155  10:48  Spine Crawler  
  155  10:49  Spine Crawler  
  158  10:54  Drone x2  
  158  10:55  Drone  
  158  10:56  Spine Crawler  
  158  10:57  Spine Crawler  
  159  10:58  Hatchery  
  159  11:03  Lurker x3  
  159  11:11  Zergling x16  
  167  11:22  Spore Crawler  
  167  11:25  Spine Crawler x2  
  164  11:27  Spine Crawler  
  164  11:28  Spine Crawler  
  164  11:30  Lurker x4, Spine Crawler x2  
  164  11:31  Adaptive Talons  
  141  12:24  Hydralisk x13  
  141  12:25  Overlord x2  
  141  12:29  Overseer  
  166  12:30  Spire  
  154  12:41  Hatchery  
Tags
 
Add a new tag
Caveats
  • Supply blocks, unpowered buildings, or Contaminate may cause inaccurate times.
  • Supply counts are checked every 10 seconds.